 Dungeon Crawl Stone Soup version 0.31-a0-263-ge8cad7f256 (webtiles) character file.

Game seed: 15435049705578618562

56 qw the Shooter (level 3, -1/21 HPs)
             Began as a Gargoyle Hexslinger on July 13, 2023.
             Was an Initiate of Okawaru.
             Slain by a gnoll
             ... wielding a +0 club
              (6 damage)
             ... on level 3 of the Dungeon.
             The game lasted 00:00:42 (1734 turns).

qw the Shooter (Gargoyle Hexslinger)                Turns: 1734, Time: 00:00:42

Health: -1/21      AC:  6    Str: 11    XL:     3   Next: 97%
Magic:  4/4        EV: 11    Int: 13    God:    Okawaru [......]
Gold:   176        SH:  0    Dex: 14    Spells: 3/4 levels left

rFire   . . .        Y - +1 sling
rCold   . . .        (no shield)
rNeg    + . .        g - +0 leather armour
rPois   inf          (no helmet)
rElec   +            (no cloak)
rCorr   .            (no gloves)
SInv    .            (no boots)
Will    .....        (no amulet)
Stlth   +            (no ring)
HPRegen 0.23/turn    (no ring)
MPRegen 0.09/turn

%: no passive effects
@: about to teleport
A: sickness immunity, AC +3, negative energy resistance 1, electricity
resistance, torment resistance 1, petrification resistance
a: Renounce Religion


You were on level 3 of the Dungeon.
You worshipped Okawaru.
Okawaru was noncommittal.
You visited 1 branch of the dungeon, and saw 3 of its levels.

You collected 176 gold pieces.


Innate Abilities, Weirdness & Mutations

You are immune to sickness and miasma.
Your stone body is resilient. (AC +3)
You are immune to poison.
You resist negative energy. (rN+)
You are resistant to electric shocks. (rElec)
You are resistant to unholy torment.
You are immune to petrification.


   Skills:
 - Level 2.0 Fighting
 + Level 3.8 Ranged Weapons
 - Level 1.5 Dodging
 - Level 1.0 Spellcasting
 - Level 2.6 Hexes


You had 3 spell levels left.
You knew the following spells:

 Your Spells              Type           Power      Damage    Failure   Level
a - Slow                  Hex            28%        N/A       12%         1

Your spell library contained the following spells:

 Spells                   Type           Power      Damage    Failure   Level
 Inner Flame              Hex/Fire       4%         N/A       54%         3
 Portal Projectile        Hex/Tloc       8%         N/A       54%         3
 Cause Fear               Hex            3%         N/A       77%         4

Inventory:

Hand Weapons
 Y - a +1 sling (weapon)
Armour
 c - a +0 pair of gloves
 g - a +0 leather armour (worn)
Scrolls
 a - a scroll of teleportation
 e - a scroll of identify
Potions
 b - a potion of resistance {unknown}
 d - a potion of curing {unknown}
 f - a potion of berserk rage {unknown}

Dungeon Overview and Level Annotations

Branches:
Dungeon (3/15)

Altars:
Gozag
Okawaru

Annotations:
D:3 3 runed translucent doors, qw's ghost, amateur MiHs


Message History

The sling bullet closely misses the orc.
The orc hits you but does no damage. The gnoll hits you with a +0 club.
You shoot a sling bullet.
The sling bullet hits the orc but does no damage.
The orc is almost dead.
The orc closely misses you. The gnoll completely misses you.
You shoot a sling bullet. The sling bullet hits the orc!
You kill the orc!
Okawaru accepts your kill. The gnoll barely misses you.
The gnoll hits you but does no damage.
You shoot a sling bullet. The sling bullet hits the gnoll.
The gnoll is lightly wounded.
The gnoll hits you with a +0 club.
You shoot a sling bullet. The sling bullet hits the gnoll.
The gnoll is moderately wounded.
The gnoll closely misses you.
You shoot a sling bullet. The sling bullet hits the gnoll.
The gnoll is moderately wounded.
The gnoll hits you with a +0 club.
You shoot a sling bullet.
The sling bullet hits the gnoll but does no damage.
The gnoll is moderately wounded.
The gnoll hits you but does no damage.
You shoot a sling bullet. The sling bullet hits the gnoll.
The gnoll is heavily wounded.
The gnoll hits you with a +0 club. The gnoll hits you but does no damage.
You shoot a sling bullet.
The sling bullet barely misses the gnoll.
The gnoll closely misses you.
You shoot a sling bullet.
The sling bullet barely misses the gnoll.
The gnoll closely misses you.
You shoot a sling bullet.
The sling bullet closely misses the gnoll.
The gnoll closely misses you. The gnoll hits you with a +0 club.
1734 ||| READING 2 scrolls of teleportation.
As you read the scroll of teleportation, it crumbles to dust.
You feel strangely unstable. The gnoll hits you with a +0 club.
You die...

#....... 8..
#....... #..
#######....... #..
#.....#....... #..
#.#...........
#..####.#.#.##.)....
#.o#......#.#.......
#g#.######.#.......
#)@.# #.#.#.....
##### #.#.####.#
#.#....#..
#.####.###
#.........
....###.### ## #.#
#.# #.#


You could see a gnoll and an orc.

Vanquished Creatures
  An adder (D:2)
  A worm (D:3)
  A dart slug (D:1)
  3 orcs (D:3)
  4 ball pythons
  5 bats
  An endoplasm (D:1)
  A giant cockroach (D:2)
  3 goblins
  4 hobgoblins
  3 kobolds (D:1)
  A quokka (D:1)
  5 frilled lizards
  7 rats
40 creatures vanquished.

Notes
Turn   | Place    | Note
-------+----------+-------------------------------------------
     0 | D:1      | qw the Gargoyle Hexslinger began the quest for the Orb.
     0 | D:1      | Reached XP level 1. HP: 12/12 MP: 2/2
     0 | D:1      | 0 ||| qw: Version: 0.3-a-52-g30416fa
     0 | D:1      | 0 ||| qw: Game counter: 7544
     0 | D:1      | 0 ||| qw: Melee chars always use a shield: true
     0 | D:1      | 0 ||| qw: God list: Okawaru
     0 | D:1      | 0 ||| qw: Allow faded altars: false
     0 | D:1      | 0 ||| qw: Do Orc after clearing Dungeon:15 true
     0 | D:1      | 0 ||| qw: Do second Lair branch before Depths: true
     0 | D:1      | 0 ||| qw: Lair rune preference: random
     0 | D:1      | 0 ||| qw: Goals: Normal
     0 | D:1      | 0 ||| PLANNING D:1-11
   149 | D:1      | Reached XP level 2. HP: 16/16 MP: 3/3
   214 | D:1      | Reached skill level 3 in Ranged Weapons
   427 | D:1      | Found a faded altar of an unknown god.
   452 | D:1      | 452 ||| UPGRADING to +0 leather armour.
   462 | D:1      | 462 ||| DROPPING +0 robe.
   463 | D:1      | 463 ||| DROPPING ring of flight.
   464 | D:1      | 464 ||| READING 2 scrolls labelled ZETASA IGRAE.
   469 | D:1      | 469 ||| READING 2 scrolls labelled ININARH NAPROE.
   470 | D:1      | 470 ||| DROPPING scroll of poison.
   471 | D:1      | 471 ||| DROPPING scroll of blinking.
   554 | D:2      | Reached XP level 3. HP: 21/21 MP: 4/4
   662 | D:2      | Found an iron altar of Okawaru.
   663 | D:2      | 663 ||| PLANNING OKAWARU WORSHIP
   679 | D:2      | 679 ||| READING scroll labelled CAIMMONGUEPEJU.
   686 | D:2      | Became a worshipper of Warmaster Okawaru
   687 | D:2      | 687 ||| PLANNING D:1-11
  1409 | D:2      | 1409 ||| READING scroll labelled TOUTSUPLIA.
  1483 | D:3      | Identified the +11 mace of Dishonour {heavy, Int+3}
  1574 | D:3      | Found a runed translucent gate.
  1576 | D:3      | Found a runed translucent gate.
  1577 | D:3      | Found an opulent altar of Gozag.
  1577 | D:3      | Found a runed translucent gate.
  1580 | D:3      | Noticed qw's ghost (amateur MiHs)
  1733 | D:3      | HP: 5/21 [gnoll/+0 club (3)]
  1734 | D:3      | 1734 ||| READING 2 scrolls of teleportation.
  1734 | D:3      | Slain by a gnoll

Levels and vault maps discovered:
D:1:      evilmike_arrival_hilbert_curve, layout_basic,
          shapermc_ecumenical_altar_rom_forum
D:2:      layout_basic, basic_altar, minmay_close_crescents
D:3:      minmay_chambers_of_twos, layout_basic, ebering_ghost_gozag,
          amcnicky_mini_rare_corridor_liquid

Skill      XL: |  1  2 |
---------------+-------+-----
Ranged Weapons | 3 |  3.8
Fighting       | 2 |  2.0
Dodging        | |  1.5
Spellcasting   | |  1.0
Hexes          | |  2.6

Action                     || total
---------------------------++-------
   Fire: Sling             ||   131
    Use: Scroll            ||     5
 Armour: Robe              ||     9
         Leather armour    ||    23
  Dodge: Dodged            ||    36

Table legend:
 A = Non-vault XP
 B = Vault XP
 C = Vault XP percentage of total XP
 D = Non-vault monster count
 E = Vault monster count
 F = Vault count percentage of total count
                 A         B        C        D         E       F
            +---------+---------+-------+---------+---------+-------
      Total |      79 |       2 |   2.5 |      38 |       2 |   5.0
            +---------+---------+-------+---------+---------+-------
        D:1 |      32 |       0 |   0.0 |      19 |       0 |   0.0
        D:2 |      22 |       2 |   8.3 |       6 |       2 |  25.0
        D:3 |      25 |       0 |   0.0 |      13 |       0 |   0.0
            +---------+---------+-------+---------+---------+-------
